 Dungeon Crawl Stone Soup version 0.30-a0-782-ge64f9170bb (webtiles) character file.

Game seed: 11143367209389732680

6213 Crownlay the Grappler (level 10, -4/102 HPs)
             Began as a Troll Fighter on Mar 9, 2023.
             Was a Priest of Wu Jian.
             Slain by an orc knight
             ... wielding a +0 war axe
              (31 damage)
             ... in a bailey.
             The game lasted 00:11:14 (6943 turns).

Crownlay the Grappler (Troll Fighter)               Turns: 6943, Time: 00:11:15

Health: -4/102     AC:  6    Str: 26    XL:     10   Next: 61%
Magic:  0/9        EV: 14    Int:  8    God:    Wu Jian [***...]
Gold:   429        SH:  9    Dex:  9    Spells: 9/9 levels left

rFire   . . .      SeeInvis +      - Unarmed
rCold   . . .      Faith    .    b - +0 kite shield
rNeg    + . .      Spirit   +    l - +2 robe {rN+}
rPois   .          Reflect  .    (helmet restricted)
rElec   .          Harm     .    F - scarf {shadows}
rCorr   .          Rampage  .    (gloves unavailable)
Will    .....                    (boots unavailable)
Stlth   +                        g - amulet of guardian spirit
HPRegen 1.17/turn                a - ring of see invisible
MPRegen 0.11/turn                s - +5 ring of evasion

@: mighty
A: large, unfitting armour, claws 3, regeneration 1, shaggy fur 1, tough skin 1
a: Renounce Religion, Wall Jump, Serpent's Lash


You were in a bailey.
You worshipped Wu Jian.
Wu Jian was most pleased with you.
You visited 2 branches of the dungeon, and saw 10 of its levels.
You also visited: Ossuary and Bailey.

You collected 429 gold pieces.

Inventory:

Missiles
 o - 9 boomerangs (quivered)
Armour
 b - a +0 kite shield (worn)
 l - a +2 robe of positive energy (worn)
 D - a +2 robe of cold resistance
 F - a scarf of shadows (worn)
Jewellery
 a - a ring of see invisible (left claw)
 f - a ring of ice
 g - an amulet of guardian spirit (around neck)
 s - a +5 ring of evasion (right claw)
 x - a ring of protection from cold
Wands
 u - a wand of flame (45)
 y - a wand of charming (12)
 B - a wand of mindburst (15)
Scrolls
 e - 2 scrolls of summoning
 h - 3 scrolls of noise
 i - 3 scrolls of enchant armour
 n - a scroll of enchant weapon {unknown}
 p - 4 scrolls of vulnerability
 t - 6 scrolls of teleportation
 v - 2 scrolls of fog
 z - a scroll of amnesia {unknown}
Potions
 d - 3 potions of lignification
 j - 2 potions of heal wounds
 k - 2 potions of mutation {unknown}
 q - 2 potions of ambrosia
 r - 2 potions of degeneration {unknown}
 w - a potion of haste
 A - 3 potions of curing
 C - a potion of attraction {unknown}
 E - a potion of brilliance {unknown}


   Skills:
 + Level 7.0 Fighting
 + Level 4.0 Dodging
 + Level 7.7 Shields
 * Level 11.3 Unarmed Combat


You had 9 spell levels left.
You didn't know any spells.
Your spell library contained the following spells:

 Spells                   Type           Power      Damage    Failure   Level
 Ensorcelled Hibernation  Hex/Ice        0%         N/A       78%         2
 Passwall                 Tmut/Erth      0%         N/A       78%         2
 Sublimation of Blood     Necr           0%         N/A       78%         2
 Wereblood                Tmut           0%         N/A       78%         2
 Swiftness                Air            0%         N/A       95%         3
 Summon Hydra             Summ           0%         N/A       100%        7


Dungeon Overview and Level Annotations

Branches:
Dungeon (9/15)             Temple (1/1) D:7         Ossuary (visited)
 Bailey (1/1)
   Lair: D:8-11         Orc: D:9-12

Altars:
Ashenzari
Dithmenos
Fedhas
Gozag
Hepliaklqana
Kikubaaqudgha
Makhleb
Nemelex Xobeh
Ru
Sif Muna
Trog
Uskayaw
Wu Jian
Xom
Yredelemnul
Zin

Shops:
D:3 (

Annotations:
D:6 3 runed translucent doors, Dirian's ghost, novice MiFi
D:8 3 runed translucent doors, bmj180's ghost, novice GrEE


Innate Abilities, Weirdness & Mutations

You are too large for most types of armour.
You have claws for hands.
Your natural rate of healing is unusually fast.
You are covered in fur. (AC +1)
You have tough skin. (AC +1)


Message History

The orc warlord is heavily wounded.
The goblin barely misses you.
The orc warlord hits you with a +4 broad axe!
You claw the orc warlord!
The orc warlord is severely wounded.
You block the goblin's attack.
The orc warlord hits you but does no damage.
You mangle the orc warlord!!
The orc warlord is almost dead.
The orc knight closely misses you. The goblin misses you.
You block the orc warlord's attack.
You claw the orc warlord!
You kill the orc warlord!
The Council accepts your kill.
The orc knight hits you with a +0 war axe!!
The goblin hits you with a +0 war axe.
Your Fighting skill increases to level 7!
Your Dodging skill increases to level 4!
You scratch the orc knight.
The orc knight is lightly wounded.
You block the orc knight's attack. The goblin hits you but does no damage.
The gnoll barely misses you.
You claw the orc knight!
The orc knight is lightly wounded.
You claw the orc knight!
The orc knight is moderately wounded.
The orc knight hits you with a +0 war axe!
The goblin closely misses you. You block the gnoll's attack.
You closely miss the orc knight.
The orc knight is moderately wounded.
The orc knight hits you with a +0 war axe!!
* * * LOW HITPOINT WARNING * * *
You block the gnoll's attack. The goblin hits you with a +0 war axe.
* * * LOW HITPOINT WARNING * * *
The gnoll hits you but does no damage.
Okay, then.
Okay, then.
You feel much better.
The orc knight hits you with a +0 war axe!!
You die...

#.....⌠....)#.....).
#...........#.......
#...........#.......
###.........###......
###.#)#.....###
###....
###.....###.### ###.#
#?........### ###
!?........8# #.
!.......@o8# #.
∩....⌠.ggg.'... #.
?.......g.8#... #.
!?........8##.. #.
#?........## ##
###.....### # ###.#+#


You could see an orc knight (strong), 2 gnolls and 2 goblins.

Vanquished Creatures
  An orc warlord (Bailey)
  2 hornets (D:8)
  Grinder (D:3)
  Sigmund (D:2)
  A wyvern (D:9)
  4 yaks (D:7)
  A water moccasin (D:8)
  Duvessa (D:7)
  A black bear (D:8)
  8 orc warriors
  A sky beast (D:7)
  An ogre (D:5)
  3 centaurs
  2 phantoms
  An elf zombie (Ossuary)
  2 kobold brigands
  3 bullfrogs
  4 necrophages
  A gnoll sergeant (D:4)
  8 wights
  Dowan (D:7)
  4 howler monkeys
  A centaur zombie (Ossuary)
  4 hounds
  5 human zombies (Ossuary)
  2 orc priests
  2 jellies
  Jessica (D:2)
  Natasha (thrice) (D:2)
  2 iguanas
  2 orc wizards
  Ijyb (D:4)
  A hound zombie (Ossuary)
  4 mummies
  13 gnolls
  6 adders
  5 white imps
  4 ufetubi
  2 adder zombies (Ossuary)
  A dart slug (D:5)
  21 orcs
  6 ball pythons
  A bat (D:1)
  7 endoplasms
  A giant cockroach (D:2)
  2 gnoll zombies (Ossuary)
  16 goblins
  13 hobgoblins
  3 jackals (D:1)
  4 frilled lizards
  4 goblin zombies
  5 hobgoblin zombies (Ossuary)
  5 jackal zombies (Ossuary)
  14 kobolds
  4 kobold zombies
  2 quokka zombies (Ossuary)
  4 rats
  4 rat zombies (Ossuary)
227 creatures vanquished.

Notes
Turn   | Place    | Note
-------+----------+-------------------------------------------
     0 | D:1      | Crownlay the Troll Fighter began the quest for the Orb.
     0 | D:1      | Reached XP level 1. HP: 22/22 MP: 0/0
   392 | D:1      | Reached XP level 2. HP: 26/29 MP: 1/1
   980 | D:2      | Noticed Natasha
   993 | D:2      | Killed Natasha
   994 | D:2      | Reached skill level 3 in Unarmed Combat
   994 | D:2      | Reached XP level 3. HP: 21/36 MP: 2/2
  1055 | D:2      | Reached XP level 4. HP: 19/44 MP: 1/3
  1307 | D:2      | Noticed Jessica
  1318 | D:2      | Killed Jessica
  1383 | D:2      | Noticed Sigmund
  1406 | D:2      | Killed Sigmund
  1407 | D:2      | Reached skill level 4 in Unarmed Combat
  1407 | D:2      | Reached XP level 5. HP: 33/53 MP: 4/4
  1407 | D:2      | Reached XP level 6. HP: 39/61 MP: 5/5
  1600 | D:2      | Noticed Natasha
  1607 | D:2      | Killed Natasha
  1635 | D:2      | Noticed Natasha
  1638 | D:2      | Killed Natasha
  1698 | D:3      | Found Fapiush's Antique Weapon Emporium.
  1711 | D:3      | Reached skill level 5 in Unarmed Combat
  1830 | D:3      | Identified the +4 dagger "Demonslayer" {antimagic, rPois
                  | Will+ Int+2 Dex-5}
  1946 | D:3      | Noticed Grinder
  1952 | D:3      | Killed Grinder
  1953 | D:3      | Reached XP level 7. HP: 60/68 MP: 6/6
  2364 | D:4      | Noticed Ijyb
  2372 | D:4      | Killed Ijyb
  2373 | D:4      | Reached skill level 6 in Unarmed Combat
  2574 | D:4      | You fall into a shaft and drop 2 floors!
  2601 | D:6      | Found a shadowy altar of Dithmenos.
  2630 | D:6      | Found a runed translucent gate.
  2630 | D:6      | Found a runed translucent gate.
  2631 | D:6      | Found a runed translucent gate.
  2635 | D:6      | Noticed Dirian's ghost (novice MiFi)
  2715 | D:5      | Entered Level 5 of the Dungeon
  2730 | D:5      | Reached skill level 5 in Shields
  2730 | D:5      | Reached XP level 8. HP: 76/79 MP: 7/7
  2771 | D:5      | Reached skill level 7 in Unarmed Combat
  3130 | D:4      | Found a shimmering blue altar of Sif Muna.
  3445 | D:5      | Found a sparkling altar of Nemelex Xobeh.
  3882 | D:6      | Reached skill level 5 in Fighting
  3892 | D:6      | Reached skill level 8 in Unarmed Combat
  3980 | D:6      | Found a bloodstained altar of Trog.
  4385 | D:7      | Reached XP level 9. HP: 26/88 MP: 8/8
  4399 | D:7      | Reached skill level 9 in Unarmed Combat
  4537 | D:7      | Noticed Dowan
  4538 | D:7      | Noticed Duvessa
  4550 | D:7      | Killed Duvessa
  4568 | D:7      | Killed Dowan
  4611 | D:7      | Found a hazy altar of Hepliaklqana.
  4778 | D:7      | Found a staircase to the Ecumenical Temple.
  4790 | Temple   | Entered the Ecumenical Temple
  4949 | Temple   | Became a worshipper of the Wu Jian Council
  5327 | D:8      | Found a shimmering altar of Xom.
  5328 | D:8      | Found a shimmering altar of Xom.
  5330 | D:8      | Found a shimmering altar of Xom.
  5335 | D:8      | Found a shimmering altar of Xom.
  5363 | D:8      | Reached skill level 10 in Unarmed Combat
  5375 | D:8      | Found a sand-covered staircase.
  5386 | Ossuary  | Entered an ossuary
  5499 | Ossuary  | Reached * piety under Wu Jian
  5772 | D:8      | Reached XP level 10. HP: 100/100 MP: 9/9
  5815 | D:8      | Found a runed translucent gate.
  5815 | D:8      | Found a runed translucent gate.
  5817 | D:8      | Found a runed translucent gate.
  5819 | D:8      | Noticed bmj180's ghost (novice GrEE)
  5867 | D:8      | Found an ancient bone altar of Kikubaaqudgha.
  5874 | D:8      | Found an opulent altar of Gozag.
  6070 | D:8      | Paralysed by a hornet for 2 turns
  6687 | D:9      | Reached ** piety under Wu Jian
  6724 | D:9      | Found a flagged portal.
  6763 | Bailey   | Entered a bailey
  6922 | Bailey   | Noticed an orc warlord
  6926 | Bailey   | Reached *** piety under Wu Jian
  6926 | Bailey   | Noticed an orc knight
  6930 | Bailey   | Reached skill level 11 in Unarmed Combat
  6938 | Bailey   | Killed an orc warlord
  6942 | Bailey   | HP: 4/102 [goblin/+0 war axe (2)]
  6943 | Bailey   | Slain by an orc knight

Illustrated notes

Levels and vault maps discovered:
D:1:      kennysheep_arrival_seaside, layout_loops_corners
D:2:      layout_loops_ring, minmay_crystal_room, minmay_tiny_reverse_x,
          uniq_sigmund, uniq_natasha, uniq_jessica
D:3:      layout_loops_ring, serial_shops, nicolae_square_shop,
          solitary_fountain, uniq_grinder
D:4:      layout_basic, led_sif_book, uniq_ijyb
D:5:      layout_loops_ring, nemelex_dance_club_becter
D:6:      layout_gridville, mainiacjoe_overflow_tiny_flanked,
          overflow_temple_1_default, gammafunk_ghost_necromancy
D:7:      layout_loops_cross, kennysheep_little_box, minmay_temple_entry_arrows,
          uniq_duvessa
D:8:      layout_gridville, xom_redecorated,
          mainiacjoe_overflow_large_starburst, nicolae_ossuary_entry_giza,
          gammafunk_ghost_ooze, kennysheep_windowed_goal
D:9:      layout_basic, tso_metal_star, enter_bailey_5, minivault_15
Temple:   grunt_temple_mini_profane
Bailey:   bailey_axe_minmay_hex_keep, bailey

Skill      XL: |  1  2  3  4  5  6  7  8  9 10 |
---------------+-------------------------------+-----
Shields        | 3 4 5 6 7 |  7.7
Unarmed Combat | 3 4 5 6 8 10 11 | 11.3
Fighting       | 3 4 5 6 7 |  7.0
Dodging        | 3 4 |  4.0

Action                     |  1- 3 |  4- 6 |  7- 9 | 10-12 || total
---------------------------+-------+-------+-------+-------++-------
  Melee: Unarmed           |    56 |    73 |   406 |   150 ||   685
  Throw: Boomerang         |       |     1 |    20 |       ||    21
Ability: Lunge             |       |       |     8 |    11 ||    19
         Whirlwind         |       |       |       |     1 ||     1
    Use: Scroll            |       |       |     6 |     3 ||     9
         Potion            |       |       |     2 |     2 ||     4
   Stab: Sleeping          |       |       |     1 |       ||     1
 Armour: Robe              |    10 |     9 |    68 |    21 ||   108
         Skin              |       |       |     1 |       ||     1
  Dodge: Dodged            |    18 |    14 |   175 |    65 ||   272
  Block: Kite shield       |    27 |    16 |   138 |    60 ||   241

Table legend: (Time is in decaauts)
 A = Elapsed time spent in this place.
 B = Non-inter-level travel time spent in this place.
 C = Inter-level travel time spent in this place.
 D = Time resting spent in this place.
 E = Time spent auto-exploring this place.
 F = Levels seen in this place.
 G = Mean time per level.
                   A        B        C        D        E       F      G
               +--------+--------+--------+--------+--------+-----+--------+
         Total |   6948 |   6524 |    424 |      0 |   4933 |  12 |  579.0 |
       Dungeon |   6334 |   5933 |    401 |      0 |   4623 |   9 |  703.8 |
        Temple |    183 |    160 |     23 |      0 |    152 |   1 |  183.0 |
       Ossuary |    256 |    256 |      0 |      0 |    134 |   1 |  256.0 |
        Bailey |    173 |    173 |      0 |      0 |     24 |   1 |  173.0 |
               +--------+--------+--------+--------+--------+-----+--------+

Top non-repeatable levels by time:
     D:8: 1012 daAuts
     D:1: 982 daAuts
     D:7: 808 daAuts
     D:6: 719 daAuts
     D:2: 718 daAuts
     D:4: 694 daAuts
     D:5: 671 daAuts
     D:3: 626 daAuts
 Ossuary: 256 daAuts
  Temple: 183 daAuts
  Bailey: 173 daAuts
     D:9: 101 daAuts
